 Dungeon Crawl Stone Soup version 0.20.1-1-g8b1a95d (webtiles) character file.

414 slep the Chopper (level 6, -5/70 HPs)
             Began as a Demonspawn Gladiator on Dec 19, 2017.
             Was an Initiate of Okawaru.
             Slain by a troll (8 damage)
             ... on level 5 of the Dungeon.
             The game lasted 00:09:52 (2583 turns).

slep the Chopper (Demonspawn Gladiator)             Turns: 2583, Time: 00:09:57

Health: -5/70      AC: 23    Str: 14    XL:     6   Next: 60%
Magic:  6/6        EV:  2    Int: 15    God:    Okawaru [......]
Gold:   186        SH:  4    Dex: 16    Spells: 5/5 levels left

rFire    . . .     SeeInvis .   a - +0 war axe
rCold    . . .     Gourm    .   q - +0 buckler (curse)
rNeg     + + +     Faith    .   (armour currently unavailable)
rPois    +         Spirit   .   (helmet currently unavailable)
rElec    .         Reflect  .   (cloak currently unavailable)
rCorr    .         Harm     .   (gloves currently unavailable)
MR       .....     NoTele   +   (boots currently unavailable)
Stlth    +++.......             (no amulet)
Regen    0.3/turn               G - ring of stealth
MPRegen  0.1/turn               u - ring of poison resistance

@: brilliant, tree-form (expiring), hasted, very quick
A: no striking features
a: Renounce Religion


You were on level 5 of the Dungeon.
You worshipped Okawaru.
Okawaru was noncommittal.
You were hungry.
You were a tree.
You visited 2 branches of the dungeon, and saw 6 of its levels.

You collected 186 gold pieces.

Inventory:

Hand Weapons
 a - a +0 war axe (weapon)
 t - a +0 blowgun
Missiles
 d - 3 throwing nets (quivered)
 h - 57 sling bullets
 n - 25 poisoned needles
Armour
 b - a +0 leather armour (melded)
 c - a +0 helmet (melded)
 q - a cursed +0 buckler (worn)
 y - a +2 pair of boots (melded)
Jewellery
 e - a +4 ring of intelligence
 u - a ring of poison resistance (right branch)
 A - an uncursed ring of ice
 G - a ring of stealth (left branch)
Wands
 C - a wand of polymorph (2/24)
Scrolls
 g - 3 scrolls of remove curse {unknown}
 i - a scroll of enchant weapon {unknown}
 j - 3 scrolls of teleportation {unknown}
 k - 2 scrolls of fog {unknown}
 m - 2 scrolls of noise {unknown}
 p - 2 scrolls of identify {unknown}
 s - a scroll of amnesia {unknown}
 B - a scroll of magic mapping {unknown}
Potions
 l - 2 potions of lignification
 o - a potion of haste
 r - a potion of brilliance
 z - a potion of heal wounds {unknown}
 D - a potion of magic {unknown}
 E - a potion of resistance {unknown}
 H - 2 potions of mutation {unknown}
Comestibles
 f - 4 bread rations
 w - 6 fruits
 x - 2 meat rations
 F - 5 chunks of flesh


   Skills:
 + Level 3.0 Fighting
 + Level 4.9 Axes
 + Level 1.8 Throwing
 + Level 2.2 Armour
 + Level 3.9 Dodging
 + Level 0.8 Stealth
 + Level 0.8 Shields


You had 5 spell levels left.
You didn't know any spells.

Dungeon Overview and Level Annotations

Branches:
Dungeon (5/15)             Temple (1/1) D:5

Altars:
Ashenzari
Cheibriados
Dithmenos
Elyvilon
Fedhas
Gozag
Hepliaklqana
Kikubaaqudgha
Makhleb
Nemelex Xobeh
Okawaru
Qazlal
Ru
Sif Muna
Trog
Uskayaw
Vehumet
Xom
Yredelemnul
Zin
The Shining One

Annotations:
D:3 Wulfston's ghost, amateur DsFi


Innate Abilities, Weirdness & Mutations

((You have sharp toenails.))
((You are partially covered in sharp spines.))


Message History

The troll is heavily wounded.
The troll bites you.
* * * LOW HITPOINT WARNING * * *
The troll barely misses you. The troll claws you.
* * * LOW HITPOINT WARNING * * *
You closely miss the troll.
The troll is heavily wounded.
The troll bites you but does no damage. The troll barely misses you. x2
You closely miss the troll.
The troll is heavily wounded.
The troll barely misses you. The troll claws you but does no damage.
You block the troll's attack.
You hit the troll.
The troll is heavily wounded.
The troll bites you!
* * * LOW HITPOINT WARNING * * *
The troll claws you.
* * * LOW HITPOINT WARNING * * *
The troll claws you!
You die...

# ..# . ...# .
##. #... # .. #.⌠
##.#.# ##
#.##.##.##.### .#
#..#..).....# .#
###...........#
.#
....$.T♣......#
.#####
#####...>.....#
.....#
#.........#
#.....
#.........#
#..... .
#.........#
..###. ..#
#.........# .##
....###.........#
##
#...............#
#
#.......########


You could see a troll.

Vanquished Creatures
  A necrophage (D:4)
  A howler monkey (D:4)
  A hound (D:5)
  A bullfrog skeleton (D:5)
  An orc wizard (D:4)
  A hound zombie (D:5)
  A gnoll (D:1)
  10 adders
  2 worms
  5 dart slugs
  3 leopard geckos
  7 orcs
  8 bats
  4 giant cockroaches
  3 goblins
  3 hobgoblins
  A quokka (D:2)
  5 frilled lizards
  7 kobolds
  A leopard gecko skeleton (D:4)
  A quokka skeleton (D:5)
  6 rats
73 creatures vanquished.

Notes
Turn   | Place    | Note
-------+----------+-------------------------------------------
     0 | D:1      | slep the Demonspawn Gladiator began the quest for the Orb.
     0 | D:1      | Reached XP level 1. HP: 16/16 MP: 1/1
     3 | D:1      | Noticed an electric eel
     3 | D:1      | Noticed an electric eel
    85 | D:1      | Gained mutation: You are partially covered in sharp spines. [demonic ancestry]
    85 | D:1      | Reached XP level 2. HP: 22/22 MP: 2/2
    85 | D:1      | Reached skill level 3 in Axes
   675 | D:1      | Reached XP level 3. HP: 27/27 MP: 3/3
  1301 | D:2      | Reached XP level 4. HP: 34/34 MP: 4/4
  1550 | D:3      | Noticed Wulfston's ghost (amateur DsFi)
  1572 | D:4      | Reached skill level 4 in Axes
  1572 | D:4      | Reached skill level 1 in Armour
  1584 | D:4      | Reached XP level 5. HP: 27/39 MP: 5/5
  1658 | D:4      | Noticed a necrophage
  1673 | D:4      | Killed a necrophage
  1732 | D:4      | Gained mutation: You have sharp toenails. [demonic ancestry]
  1732 | D:4      | Reached XP level 6. HP: 19/45 MP: 6/6
  2182 | D:5      | Entered Level 5 of the Dungeon
  2426 | D:5      | Found a staircase to the Ecumenical Temple.
  2442 | Temple   | Entered the Ecumenical Temple
  2467 | Temple   | Became a worshipper of Warmaster Okawaru
  2553 | D:5      | Noticed a troll
  2583 | D:5      | HP: 3/70 [troll (3)]
  2583 | D:5      | Slain by a troll

Skill      XL: |  1  2  3  4  5  6 |
---------------+-------------------+-----
Axes           | 3 4 |  4.9
Dodging        | 3 |  3.9
Armour         | 1 2 |  2.2
Fighting       | 3 |  3.0
Throwing       | |  1.8
Stealth        | |  0.8
Shields        | |  0.8

Action                   |  1- 3 |  4- 6 || total
-------------------------+-------+-------++-------
Melee: War axe           |    79 |   107 ||   186
  Use: Potion            |       |     4 ||     4
 Stab: Sleeping          |     1 |     2 ||     3
  Eat: Chunk             |     1 |     4 ||     5
Armor: Leather armour    |    18 |    18 ||    36
       Skin              |       |    49 ||    49
Dodge: Dodged            |    61 |    61 ||   122
Block: Buckler           |       |    27 ||    27
